cohdb
Replays
Latest Replays
All Replays
Popular Replays
Top Player Replays
Match Explorer
How It Works
Community
CoH3 Stats
Reddit
Sign in to upload your games and track your stats! →
Sign in with Steam
Match 45328282
Unlisted
Match 45328282
Overview
Messages
Build Orders
End
Vickers Machine Gun Team
Construct Section Command Post
Selects Air and Sea Battlegroup
Infantry Section
Infantry Section
Infantry Section
Grenade Package
Construct Field Infirmary
Selects Commando Section Paradrop
Construct Platoon Command Post
snoeppapier
.
FuniX22
Cappie
KyrSor
Na_Orbite
0
0
Comments
sign in to comment!
No comments posted yet!